 Dungeon Crawl Stone Soup version 0.20.1-1-g8b1a95d (webtiles) character file.

138 VirginKiller the Charmwright (level 4, -2/36 HPs)
             Began as a Demigod Skald on Oct 9, 2017.
             Slain by Irenicus's ghost (15 damage)
             ... on level 4 of the Dungeon.
             The game lasted 00:16:30 (2281 turns).

VirginKiller the Charmwright (Demigod Skald)        Turns: 2281, Time: 00:16:31

Health: -2/36      AC:  3    Str: 21    XL:     4   Next: 70%
Magic:  5/9        EV: 12    Int: 17    God:
Gold:   132        SH:  0    Dex: 15    Spells: 1/6 levels left

rFire    . . .     SeeInvis .     - Unarmed
rCold    . . .     Gourm    .   (no shield)
rNeg     . . .     Faith    .   a - +0 leather armour
rPois    .         Spirit   .   (no helmet)
rElec    .         Reflect  .   (no cloak)
rCorr    .         Harm     .   (no gloves)
MR       .....     Clarity  +   (no boots)
Stlth    +.........             (no amulet)
Regen    0.2/turn               (no ring)
MPRegen  0.2/turn               (no ring)

@: mighty, infused (expiring)
A: blurry vision 1, clarity, high mp 1, evolution 1
a: no special abilities


You were on level 4 of the Dungeon.
You were hungry.

You visited 1 branch of the dungeon, and saw 4 of its levels.

You collected 132 gold pieces.

Inventory:

Armour
 a - a +0 leather armour (worn)
Jewellery
 i - a cursed amulet of inaccuracy {unknown}
Wands
 k - a wand of lightning (3/15)
Scrolls
 e - 4 scrolls of identify {unknown}
 j - a scroll of fear {unknown}
Potions
 g - a potion of curing
Books
 b - a book of Battle

   Spells                             Type                      Level
   a - Infusion                       Charms                       1
   b - Shroud of Golubria             Charms/Translocation         2
   c - Song of Slaying                Charms                       2
   d - Spectral Weapon                Hexes/Charms                 3
   e - Regeneration                   Charms/Necromancy            3
Comestibles
 c - 3 bread rations
 d - 2 meat rations
 l - a royal jelly


   Skills:
 - Level 1.7 Fighting
 - Level 0.8 Armour
 - Level 1.7 Dodging
 - Level 1.7 Unarmed Combat
 - Level 1.7 Spellcasting
 * Level 5.2 Charms


You had one spell level left.
You knew the following spells:

 Your Spells              Type           Power        Failure   Level  Hunger
a - Infusion              Chrm           ###.         2%          1    #......
b - Song of Slaying       Chrm           ###.....     4%          2    ###....
c - Shroud of Golubria    Chrm/Tloc      ##........   12%         2    ###....


Dungeon Overview and Level Annotations

Branches:
Dungeon (4/15)
 Temple: D:4-7

Portals:
Sewer: D:4

Annotations:
D:4 Irenicus's ghost, novice OpCK


Innate Abilities, Weirdness & Mutations

You have an increased reservoir of magic. (+10% MP)
Scrolls take you a little longer to read.
You possess an exceptional clarity of mind.
You evolve.


Message History

You float gracefully downwards.
Your magical infusion is running out.
The river rat bites you but does no damage.
A hound comes into view.
You closely miss the river rat.
The river rat is severely wounded.
The hound barks!
The river rat barely misses you.
You hit the river rat!
You kill the river rat!
Irenicus's ghost closely misses you.
Okay, then.
Really read with blurry vision while enemies are nearby?
Okay, then.
You are feeling hungry.
You closely miss Irenicus's ghost. The hound closely misses you.
Irenicus's ghost barely misses you.
You barely miss Irenicus's ghost. The hound barely misses you.
Irenicus's ghost hits you!
You die...

# .# . #. # .##.. #.#
.###.... ### #..#
##.....# w≈..
....###<#..#.## ≈≈≈≈≈
#.##.#.##..#.?##..
≈≈≈≈≈##≈##..............
.....≈≈.##.####...##...
.....≈≈....W@h...##
..∩......#.####...#
.≈...≈≈.##?.. ......
...(.≈≈.#######..#..#
≈≈.≈≈##.# #..#.## ≈l.≈≈
#.# #..#.# .... ... ...#
. ##. ##. #. .


You could see a hound and Irenicus's ghost.

Vanquished Creatures
  A hound skeleton (D:3)
  2 river rats (D:4)
  5 adders
  2 worms (D:2)
  A dart slug (D:1)
  A leopard gecko (D:1)
  5 bats
  3 giant cockroaches
  8 goblins
  8 hobgoblins
  A quokka (D:2)
  A ball python (D:3)
  4 frilled lizards
  5 kobolds
  10 rats
57 creatures vanquished.

Notes
Turn   | Place    | Note
-------+----------+-------------------------------------------
     0 | D:1      | VirginKiller the Demigod Skald began the quest for the Orb.
     0 | D:1      | Reached XP level 1. HP: 17/17 MP: 5/5
   131 | D:1      | Reached skill level 3 in Charms
   259 | D:1      | Reached XP level 2. HP: 12/24 MP: 1/7
   341 | D:1      | Learned a level 2 spell: Song of Slaying
   489 | D:2      | Reached XP level 3. HP: 21/29 MP: 2/8
   612 | D:2      | Reached skill level 4 in Charms
   620 | D:2      | Learned a level 2 spell: Shroud of Golubria
   692 | D:2      | HP: 1/29 [worm (3)]
  1063 | D:2      | Found a glowing golden altar of the Shining One.
  1549 | D:3      | Reached XP level 4. HP: 29/36 MP: 6/9
  2077 | D:3      | Reached skill level 5 in Charms
  2246 | D:4      | Noticed Irenicus's ghost (novice OpCK)
  2252 | D:4      | Gained mutation: You evolve. [potion of mutation]
  2252 | D:4      | Gained mutation: Scrolls take you a little longer to read. [potion of mutation]
  2252 | D:4      | Gained mutation: You possess an exceptional clarity of mind. [potion of mutation]
  2262 | D:4      | Found a glowing drain.
  2281 | D:4      | Slain by Irenicus's ghost

Skill      XL: |  1  2  3  4 |
---------------+-------------+-----
Charms         | 3 4 5 |  5.2
Fighting       | |  1.7
Armour         | |  0.8
Dodging        | |  1.7
Unarmed Combat | |  1.7
Spellcasting   | |  1.7

Action                   |  1- 3 |  4- 6 || total
-------------------------+-------+-------++-------
Melee: Unarmed           |   129 |    47 ||   176
       Punch             |     2 |       ||     2
 Cast: Infusion          |    24 |     6 ||    30
       Shroud of Golubri |     4 |     2 ||     6
Evoke: Wand              |     1 |       ||     1
  Use: Potion            |     2 |     3 ||     5
  Eat: Chunk             |     3 |     2 ||     5
Armor: Leather armour    |    21 |     5 ||    26
Dodge: Dodged            |    68 |    26 ||    94
